Map: Ascension to Aiur LE

Players

Nice

  • Race: Protoss Protoss
  • Spawn Location: 11:00

Arctur - Winner!

  • Race: Terran Terran
  • Spawn Location: 5:00

Event: WCS Valencia 2017

VOD

Have the link to the VOD?

Description

Time

  • Played on: July 13, 2017, 1:38 p.m.
  • Length: 7:24

All games in this series

Show
View Real Time Build Order
Export as new Build Order

Nice Protoss 

Build Orders: 1 Gate Expand, Oracle Opening, Phoenix Opening 

Get SALT Encoding   

  12  0:01  Probe (Chrono Boost)  
  13  0:11  Probe (Chrono Boost)  
  14  0:17  Pylon  
  14  0:22  Probe (Chrono Boost)  
  15  0:35  Probe (Chrono Boost)  
  16  0:36  Gateway  
  16  0:45  Probe (Chrono Boost)  
  16  0:47  Assimilator  
  17  0:56  Probe (Chrono Boost)  
  18  1:06  Probe (Chrono Boost)  
  19  1:17  Probe (Chrono Boost)  
  20  1:24  Nexus  
  20  1:32  Cybernetics Core  
  20  1:35  Probe (Chrono Boost)  
  21  1:41  Assimilator  
  21  1:46  Probe (Chrono Boost)  
  22  1:50  Pylon  
  22  1:57  Probe (Chrono Boost)  
  23  2:08  Probe (Chrono Boost)  
  24  2:10  Adept (Chrono Boost)  
  24  2:11  Warp Gate  
  26  2:20  Probe  
  27  2:27  Stargate  
  27  2:32  Probe  
  27  2:34  Probe, Adept (Chrono Boost)  
  30  2:44  Probe  
  30  2:45  Probe  
  32  2:56  Probe (Chrono Boost)  
  32  2:57  Probe (Chrono Boost), Adept (Chrono Boost)  
  36  3:07  Probe x2 (Chrono Boost)  
  36  3:09  Oracle (Chrono Boost)  
  41  3:17  Probe  
  41  3:18  Probe  
  43  3:29  Probe  
  43  3:31  Nexus  
  43  3:35  Probe  
  44  3:41  Phoenix (Chrono Boost)  
  44  3:42  Pylon  
  46  3:51  Pylon  
  46  3:59  Probe (Chrono Boost)  
  46  4:00  Mothership Core (Chrono Boost)  
  49  4:13  Probe (Chrono Boost)  
  49  4:16  Phoenix  
  44  4:20  Probe (Chrono Boost)  
  47  4:24  Adept  
  49  4:36  Oracle  
  49  4:37  Probe (Chrono Boost), Gateway  
  49  4:38  Gateway  
  46  4:39  Probe (Chrono Boost)  
  46  4:45  Probe (Chrono Boost)  
  47  4:47  Probe (Chrono Boost)  
  47  4:51  Probe (Chrono Boost)  
  49  4:58  Pylon, Probe (Chrono Boost)  
  51  5:04  Probe (Chrono Boost)  
  47  5:07  Oracle  
  47  5:08  Probe (Chrono Boost)  
  52  5:16  Probe (Chrono Boost)  
  52  5:17  Stalker  
  54  5:23  Probe (Chrono Boost)  
  54  5:28  Probe (Chrono Boost)  
  56  5:34  Probe (Chrono Boost)  
  55  5:37  Stalker  
  55  5:38  Stalker  
  55  5:40  Probe (Chrono Boost)  
  60  5:44  Stalker  
  63  5:50  Probe (Chrono Boost)  
  63  5:52  Probe (Chrono Boost)  
  64  5:58  Pylon  
  64  6:00  Pylon  
  56  6:16  Probe (Chrono Boost), Stalker  
  56  6:17  Probe (Chrono Boost), Stalker x2  
  55  6:26  Probe (Chrono Boost)  
  46  6:37  Probe (Chrono Boost)  
  46  6:46  Nexus  
  46  6:49  Stalker x2  
  50  6:58  Stalker  
Show
View Real Time Build Order
Export as new Build Order

Arctur Terran - Winner!

Build Orders: Reaper Expand 

Get SALT Encoding   

  12  0:00  SCV  
  13  0:12  SCV  
  14  0:17  Supply Depot  
  14  0:24  SCV  
  15  0:31  Refinery  
  15  0:38  SCV  
  16  0:44  Barracks  
  16  0:50  SCV  
  17  1:03  SCV  
  18  1:15  SCV  
  19  1:31  Orbital Command, Reaper  
  20  1:50  Command Center  
  20  1:57  Factory  
  20  2:01  SCV  
  21  2:07  Refinery  
  21  2:08  Barracks Reactor  
  21  2:13  SCV  
  22  2:19  Supply Depot  
  22  2:25  SCV  
  23  2:41  SCV  
  23  2:42  Starport  
  23  2:43  Widow Mine  
  26  2:45  Marine x2  
  28  2:53  SCV  
  29  3:03  Orbital Command, Marine x2  
  31  3:06  SCV  
  31  3:11  Widow Mine  
  34  3:21  Marine x2, Medivac  
  34  3:23  SCV  
  39  3:38  SCV  
  39  3:39  Supply Depot  
  39  3:41  Cyclone  
  42  3:42  SCV  
  42  3:44  Marine x2  
  45  3:52  SCV  
  45  3:55  Bunker  
  46  4:01  SCV  
  47  4:03  Supply Depot  
  47  4:04  SCV  
  47  4:07  Liberator  
  48  4:13  SCV, Cyclone  
  48  4:17  Marine x2  
  54  4:24  SCV  
  54  4:25  SCV  
  59  4:36  SCV  
  59  4:37  SCV  
  61  4:38  Supply Depot  
  61  4:47  Cyclone  
  62  4:59  Supply Depot  
  62  5:00  Marine x2, Barracks x2, SCV  
  62  5:02  Bunker  
  65  5:07  Medivac  
  65  5:10  SCV  
  65  5:12  SCV  
  69  5:18  Marine  
  68  5:22  Bunker  
  68  5:23  SCV, Marine  
  68  5:24  SCV, Engineering Bay  
  68  5:26  Supply Depot  
  71  5:35  SCV, Marine  
  72  5:42  SCV  
  74  5:47  SCV, Refinery, Barracks Tech Lab x2  
  74  5:48  Barracks  
  74  5:50  Barracks  
  74  5:54  SCV  
  73  5:59  SCV, Missile Turret  
  73  6:00  Missile Turret  
  74  6:06  SCV  
  75  6:11  Marine  
  75  6:12  Marine x3  
  75  6:28  SCV  
  75  6:29  Marine  
  75  6:32  SCV, Marine  
  69  6:33  Marine  
  69  6:34  Marine  
  66  6:44  SCV x2  
  66  6:46  Refinery  
  64  6:47  Barracks Reactor, Marine  
  64  6:48  Barracks Tech Lab  
  64  6:52  Barracks Reactor  
  65  6:57  Marauder x2, Marine, Command Center  
  70  7:03  Supply Depot  
  70  7:04  Supply Depot  
  70  7:05  Marine  
Tags
 
Add a new tag
Caveats
  • Supply blocks, unpowered buildings, or Contaminate may cause inaccurate times.
  • Supply counts are checked every 10 seconds.